 Dungeon Crawl Stone Soup version 0.27-a0-633-gc6addc0a40 (webtiles) character file.

Game seed: 3710927418340177871

21 scammafunk the Ruffian (level 2, 27/29 HPs)
             Began as a Troll Monk on Mar 13, 2021.
             Quit the game on level 1 of the Dungeon.
             The game lasted 00:01:45 (372 turns).

scammafunk the Ruffian (Troll Monk)                  Turns: 372, Time: 00:01:46

Health: 27/29      AC:  4    Str: 18    XL:     2   Next: 65%
Magic:  1/1        EV: 10    Int:  6    God:
Gold:   11         SH:  0    Dex: 12    Spells: 1/1 levels left

rFire    . . .     SeeInvis .     - Unarmed
rCold    . . .     Faith    .   (no shield)
rNeg     . . .     Spirit   .   a - +0 robe
rPois    .         Reflect  .   (helmet restricted)
rElec    .         Harm     .   (no cloak)
rCorr    .         Rampage  .   (gloves unavailable)
Will     .....                  (boots unavailable)
Stlth    ++........             (no amulet)
HPRegen  1.09/turn              (no ring)
MPRegen  0.07/turn              (no ring)

@: no status effects
A: large, unfitting armour, claws 3, regeneration 1, shaggy fur 1, tough skin 1
a: no special abilities


You were on level 1 of the Dungeon.
You visited 1 branch of the dungeon, and saw 1 of its levels.

You collected 11 gold pieces.

Inventory:

Armour
 a - a +0 robe (worn)
Scrolls
 b - 2 scrolls of enchant armour {unknown}
 c - a scroll of teleportation {unknown}
 e - a scroll of identify {unknown}
 f - a scroll of fear {unknown}
Potions
 d - a potion of curing {unknown}
 g - a potion of flight {unknown}


   Skills:
 + Level 2.7 Fighting
 - Level 2.4 Dodging
 - Level 1.0 Stealth
 * Level 3.7 Unarmed Combat


You had one spell level left.
You didn't know any spells.
Your spell library was empty.

Dungeon Overview and Level Annotations

Branches:
Dungeon (1/15)

Altars:


Innate Abilities, Weirdness & Mutations

You are too large for most types of armour.
You have claws for hands.
Your natural rate of healing is unusually fast.
You are covered in fur. (AC +1)
You have tough skin. (AC +1)


Message History

You closely miss the rat. The rat bites you but does no damage.
You scratch the dart slug.
The dart slug is moderately wounded.
The rat bites you. The dart slug launches a dart at you.
The slug dart hits you.
You claw the dart slug!
You kill the dart slug!
The rat closely misses you.
You claw the rat!
You kill the rat!
No target in view!
No target in view!
No target in view!
You see here a dart slug corpse.
A giant cockroach comes into view.
The helpless giant cockroach fails to defend itself.
You claw the giant cockroach!
You kill the giant cockroach!
No target in view!
No target in view!
No target in view!
f - a scroll labelled VUVIEMAWYD No target in view!
g - a bubbling brown potion A hobgoblin comes into view.
It is wielding a +0 club.
The hobgoblin shouts!
The hobgoblin hits you but does no damage.
You barely miss the hobgoblin. The hobgoblin hits you with a +0 club.
You barely miss the hobgoblin. The hobgoblin hits you with a +0 club.
You scratch the hobgoblin.
The hobgoblin is almost dead.
You claw the hobgoblin!
You kill the hobgoblin!
No target in view!
No target in view!
Save game and exit?
Welcome back, scammafunk the Troll Monk.
Press ? for a list of commands and other information.
Are you sure you want to abandon this character and quit the game? (Confirm with "yes".)

### ..# #.#
########### #.#
#.........# # #.#
#.#######.####.####.##
#.# #.................
#.# #@###............#
#.# #)# ###########.[#
#.# #.# #..# ######.#
#.# #..# #...#..# #.#
#... ##......# #.#
##.. # #....#.## #..
### ###.##...†#.# ###
........#..#.


There were no monsters in sight!

Vanquished Creatures
  A dart slug (D:1)
  A leopard gecko (D:1)
  3 bats (D:1)
  2 giant cockroaches (D:1)
  A goblin (D:1)
  3 hobgoblins (D:1)
  2 kobolds (D:1)
  A frilled lizard (D:1)
  2 rats (D:1)
16 creatures vanquished.

Notes
Turn   | Place    | Note
-------+----------+-------------------------------------------
     0 | D:1      | scammafunk the Troll Monk began the quest for the Orb.
     0 | D:1      | Reached XP level 1. HP: 22/22 MP: 0/0
   232 | D:1      | Reached XP level 2. HP: 28/29 MP: 1/1
   372 | D:1      | Quit the game

Illustrated notes

Levels and vault maps discovered:
D:1:      dpeg_arrival_stone_temple_mockup, layout_loops_ring,
          chequers_decorated_corner, minmay_pentomino_r2

Action                   || total
-------------------------++-------
Melee: Unarmed           ||    30
       Punch             ||     1
 Stab: Sleeping          ||     5
Armor: Robe              ||     4
Dodge: Dodged            ||     9

Table legend: (Time is in decaauts)
 A = Elapsed time spent in this place.
 B = Non-inter-level travel time spent in this place.
 C = Inter-level travel time spent in this place.
 D = Time resting spent in this place.
 E = Time spent auto-exploring this place.
 F = Levels seen in this place.
 G = Mean time per level.
                   A        B        C        D        E       F      G
               +--------+--------+--------+--------+--------+-----+--------+
         Total |    370 |    370 |      0 |      0 |    286 |   1 |  370.0 |
       Dungeon |    370 |    370 |      0 |      0 |    286 |   1 |  370.0 |
               +--------+--------+--------+--------+--------+-----+--------+

Top non-repeatable levels by time:
     D:1: 370 daAuts
